 Dungeon Crawl Stone Soup version 0.29.1-4-g47bece8355 (webtiles) character file.

Game seed: 5913468378501576309

53 xSliceyx the Covered (level 4, 25/35 HPs)
             Began as a Formicid Abyssal Knight on Dec 8, 2022.
             Was a Believer of Lugonu.
             Quit the game on level 2 of the Dungeon.
             The game lasted 00:02:40 (1088 turns).

xSliceyx the Covered (Formicid Abyssal Knight)      Turns: 1088, Time: 00:02:40

Health: 25/35      AC:  3    Str: 19    XL:     4   Next: 11%
Magic:  5/5        EV: 11    Int: 10    God:    Lugonu [**....]
Gold:   72         SH:  0    Dex: 14    Spells: 3/3 levels left

rFire   . . .      SeeInvis +   a - +1 spear
rCold   . . .      Faith    .   (no shield)
rNeg    . . .      Spirit   .   b - +0 leather armour
rPois   .          Reflect  .   (helmet unavailable)
rElec   .          Harm     .   (no cloak)
rCorr   .          Rampage  .   (no gloves)
Will    .....                   (no boots)
Stlth   +.........              (no amulet)
HPRegen 0.11/turn               (no ring)
MPRegen 0.09/turn               (no ring)

@: no status effects
A: permanent stasis, dig shafts and tunnels, antennae 3, four strong arms
a: Dig, Shaft Self, Renounce Religion, Depart the Abyss, Bend Space


You were on level 2 of the Dungeon.
You worshipped Lugonu.
Lugonu was pleased with you.
You visited 1 branch of the dungeon, and saw 2 of its levels.
You visited the Abyss 1 time.

You collected 72 gold pieces.

Inventory:

Hand Weapons
 a - a +1 spear (weapon)
Missiles
 i - 4 boomerangs
Armour
 b - a +0 leather armour (worn)
Jewellery
 g - a +4 ring of evasion
Scrolls
 d - 2 scrolls of identify {unknown}
 e - 2 scrolls of poison {unknown}
Potions
 c - 2 potions of resistance {unknown}
 f - a potion of invisibility {unknown}
 h - a potion of lignification {unknown}


   Skills:
 - Level 3.3 Fighting
 - Level 2.0 Polearms
 + Level 4.4 Armour
 - Level 0.8 Dodging
 - Level 2.2 Invocations


You had 3 spell levels left.
You didn't know any spells.
Your spell library was empty.

Dungeon Overview and Level Annotations

Branches:
Dungeon (2/15)

Altars:


Innate Abilities, Weirdness & Mutations

You cannot be hasted, slowed, berserked, paralysed or teleported.
You can dig through walls and to a lower floor.
You have a pair of large antennae on your head. (SInv)
Your four strong arms can wield two-handed weapons with a shield.


Message History

You barely miss Natasha.
Natasha is severely wounded.
The frilled lizard bites you but does no damage.
Natasha casts a spell.
You hit Natasha but do no damage.
Natasha is severely wounded.
The frilled lizard bites you but does no damage.
Natasha claws you.
You barely miss Natasha.
Natasha is severely wounded.
Natasha closely misses you.
The frilled lizard bites you but does no damage.
You hit Natasha.
Natasha is almost dead.
The frilled lizard completely misses you.
Natasha stares at you and mumbles some strange words.
Your stasis prevents you from being slowed.
You closely miss Natasha.
Natasha is almost dead.
Natasha mumbles some strange words.
The frilled lizard bites you.
You barely miss Natasha.
Natasha is almost dead.
The frilled lizard bites you but does no damage.
Natasha misses you.
You hit Natasha.
You kill Natasha!
Lugonu accepts your kill.
Natasha yowls pathetically as she dies!
The shadow imp disappears in a puff of smoke!
The crimson imp disappears in a puff of smoke!
The frilled lizard barely misses you.
Your Armour skill increases to level 4!
You have reached level 4!
You feel clever.
You hit the frilled lizard.
You kill the frilled lizard!
Lugonu accepts your kill.
You now have 72 gold pieces (gained 13).
Are you sure you want to abandon this character and quit the game? (Confirm with "yes".)

##+#####
#......#
#......#
#......##
#.......#
#.......#
##.......#
.........###
....####@..####.
................
...####........
#.#.####.
#.#####.#+###
............#
#.######....#
#.######....+
#......'....#


There were no monsters in sight!

Vanquished Creatures
  Natasha (D:2)
  An adder (D:2)
  A dart slug (D:1)
  2 bats (D:1)
  An endoplasm (D:2)
  2 giant cockroaches (D:1)
  A goblin (D:1)
  2 hobgoblins
  A quokka (D:1)
  A ball python (D:1)
  A frilled lizard (D:2)
  3 kobolds (D:1)
  3 rats (D:1)
20 creatures vanquished.

Notes
Turn   | Place    | Note
-------+----------+-------------------------------------------
     0 | Abyss:1  | xSliceyx the Formicid Abyssal Knight began the quest for
                  | the Orb.
     0 | Abyss:1  | Reached XP level 1. HP: 18/18 MP: 2/2
    32 | Abyss:1  | Noticed a large abomination
    47 | D:1      | Escaped the Abyss
   285 | D:1      | Reached XP level 2. HP: 24/24 MP: 3/3
   317 | D:1      | Reached skill level 3 in Armour
  1014 | D:2      | Reached XP level 3. HP: 27/29 MP: 4/4
  1069 | D:2      | Noticed Natasha
  1083 | D:2      | Killed Natasha
  1084 | D:2      | Reached skill level 4 in Armour
  1084 | D:2      | Reached XP level 4. HP: 24/35 MP: 5/5
  1088 | D:2      | Quit the game

Illustrated notes

Levels and vault maps discovered:
D:1:      amcnicky_arrival_choice, layout_loops_cross, corexii_hall_statues_i,
          dreamdust_mushroom_princess
D:2:      layout_basic, shapermc_ecumenical_altar_ellora, uniq_natasha

Skill      XL: |  1  2  3 |
---------------+----------+-----
Armour         | 3 4 |  4.4
Fighting       | |  3.3
Polearms       | |  2.0
Dodging        | |  0.8
Invocations    | |  2.2

Action                   |  1- 3 |  4- 6 || total
-------------------------+-------+-------++-------
Melee: Spear             |    71 |     1 ||    72
       Punch             |     1 |       ||     1
 Stab: Sleeping          |     4 |       ||     4
Armor: Leather armour    |    18 |       ||    18
Dodge: Dodged            |    33 |       ||    33
